cohdb
Replays
Latest Replays
All Replays
Popular Replays
Top Player Replays
Match Explorer
How It Works
Community
CoH3 Stats
Reddit
Sign in to upload your games and track your stats! →
Sign in with Steam
Match 39007205
Unlisted
Match 39007205
Overview
Messages
Build Orders
End
Selects Italian Coastal Battlegroup
Selects Italian Coastal Battlegroup
Selects Coastal Reserves
Coastal Reserve
Coastal Reserve
Construct Infanterie Kompanie
MG 42 Machine Gun Team
Construct Luftwaffe Kompanie
Medical Bunker
Selects Artillery Officer
Forward Retreat Point
Flak 30 Anti-aircraft Gun Team
Construct Panzer Kompanie
Jäger Squad
Panzer IV Medium Tank
Panzer IV Medium Tank
Nuclear Viking
Firewasp
magazinwastaken
nicolasgps
Emma from Human Resources
Cavalier
Mecska
FelinJet3
0
0
Comments
sign in to comment!
No comments posted yet!